 Dungeon Crawl Stone Soup version 0.23.2-33-g5129a83184 (webtiles) character file.

Game seed: 11146863617556290355

953 DorianNounverber the Thaumaturge (level 7, -2/38 HPs)
             Began as a Deep Elf Wizard on July 10, 2019.
             Was an Initiate of Sif Muna.
             Slain by a centaur (8 damage)
             ... on level 5 of the Dungeon.
             The game lasted 00:23:13 (7685 turns).

DorianNounverber the Thaumaturge (Deep Elf Wizard)  Turns: 7685, Time: 00:23:14

Health: -2/38      AC:  2    Str:  4    XL:     7   Next: 90%
Magic:  14/22      EV: 14    Int: 25    God:    Sif Muna [......]
Gold:   5          SH:  0    Dex: 13    Spells: 14/25 levels left

rFire    . . .     SeeInvis .   q - +4 flail
rCold    . . .     Gourm    .   (no shield)
rNeg     . . .     Faith    .   a - +0 robe
rPois    .         Spirit   .   b - +0 hat
rElec    .         Reflect  .   (no cloak)
rCorr    .         Harm     .   (no gloves)
MR       .....                  (no boots)
Stlth    ++........             (no amulet)
HPRegen  0.12/turn              (no ring)
MPRegen  0.18/turn              (no ring)

@: very slightly contaminated
A: no striking features
a: Renounce Religion


You were on level 5 of the Dungeon.
You worshipped Sif Muna.
Sif Muna was noncommittal.
You were not hungry.

You visited 2 branches of the dungeon, and saw 6 of its levels.

You collected 205 gold pieces.
You spent 200 gold pieces at shops.

Inventory:

Hand Weapons
 o - a +1 dagger of speed
 q - a +4 flail (weapon)
Armour
 a - a +0 robe (worn)
 b - a +0 hat (worn)
Jewellery
 n - an uncursed amulet of the gourmand {unknown}
Wands
 l - a wand of digging (2)
 u - a wand of random effects (22)
 x - a wand of acid (5)
Scrolls
 c - 2 scrolls of blinking
 f - 2 scrolls of noise {unknown}
 g - 8 scrolls of identify {unknown}
 h - a scroll of fog {unknown}
 s - a scroll of amnesia {unknown}
 t - a scroll of enchant weapon {unknown}
 w - 2 scrolls of teleportation {unknown}
 y - a scroll of remove curse {unknown}
 z - a scroll of random uselessness {unknown}
Potions
 e - 4 potions of agility {unknown}
 i - 3 potions of heal wounds {unknown}
 j - 2 potions of resistance {unknown}
 k - a potion of brilliance {unknown}
 m - a potion of might {unknown}
 p - a potion of curing {unknown}
 r - a potion of invisibility {unknown}
 v - a potion of mutation {unknown}
Comestibles
 d - 4 rations


   Skills:
 + Level 1.4 Fighting
 * Level 4.4 Dodging
 + Level 3.9 Stealth
 * Level 9.8 Spellcasting
 + Level 2.9 Conjurations
 + Level 3.0 Summonings
 + Level 1.9 Translocations
 + Level 0.1 Fire Magic


You had 14 spell levels left.
You knew the following spells:

 Your Spells              Type           Power        Failure   Level  Hunger
a - Magic Dart            Conj           ####         1%          1    None
b - Blink                 Tloc           N/A          3%          2    None
c - Call Imp              Summ           ####....     2%          2    None
d - Conjure Flame         Conj/Fire      ###.....     8%          3    None
e - Mephitic Cloud        Conj/Pois/Air  ###.....     10%         3    None

Your spell library contained the following spells:

 Spells                   Type           Power        Failure   Level  Hunger
 Summon Small Mammal      Summ           ####         1%          1    None
 Apportation              Tloc           ###...       2%          1    None
 Animate Skeleton         Necr           N/A          4%          1    None
 Beastly Appendage        Tmut           ##....       4%          1    None
 Confusing Touch          Hex            ##....       4%          1    None
 Slow                     Hex            ##......     8%          2    None
 Sticks to Snakes         Tmut           ##......     8%          2    None
 Spider Form              Tmut/Pois      ##........   16%         3    None
 Ice Form                 Ice/Tmut       ##......     45%         4    #......
 Blade Hands              Tmut           ##........   80%         5    ####...


Dungeon Overview and Level Annotations

Branches:
Dungeon (5/15)             Temple (1/1) D:4

Altars:
Ashenzari
Cheibriados
Dithmenos
Elyvilon
Fedhas
Gozag
Hepliaklqana
Kikubaaqudgha
Makhleb
Nemelex Xobeh
Okawaru
Qazlal
Ru
Sif Muna
Trog
Uskayaw
Vehumet
Wu Jian
Yredelemnul
Zin
The Shining One

Shops:
D:4 :


Message History

The magic dart hits the centaur but does no damage.
The centaur is moderately wounded.
The centaur shoots an arrow.
The arrow hits you!
The centaur shoots an arrow.
The arrow hits you.
* * * LOW HITPOINT WARNING * * *
You see here an arrow.
The centaur shoots an arrow.
The arrow completely misses you.
The centaur shoots an arrow.
The arrow barely misses you.
The centaur shoots an arrow.
The arrow hits you.
* * * LOW HITPOINT WARNING * * *
You see here an arrow.
Casting: Magic Dart (safe; 1% risk of failure)
Confirm with . or Enter, or press ? or * to list all spells.
You miscast Blink.
You are very lightly contaminated with residual magic.
Your skin tingles.
Casting: Blink (safe; 3% risk of failure)
Confirm with . or Enter, or press ? or * to list all spells.
You blink.
The centaur unwields a +0 shortbow.
The centaur hits you!
You die...

##...........
##.(......#
#..ยง.....#
#........#
###...(....#
#.......####
#.......#
#..(...c#
#...(.@(#
#......?<......
###############


You could see a centaur.

Vanquished Creatures
  2 scorpions (D:4)
  3 hounds
  5 orc priests
  2 orc wizards
  Natasha (D:2)
  4 worker ants (D:4)
  4 gnolls (D:2)
  5 adders
  A shadow imp (D:3)
  2 oozes
  4 dart slugs
  A leopard gecko (D:2)
  14 orcs
  6 giant cockroaches
  6 goblins
  8 hobgoblins
  9 jackals
  10 kobolds
  A quokka (D:3)
  A ball python (D:3)
  5 bats
  5 frilled lizards
  6 rats
105 creatures vanquished.

Vanquished Creatures (collateral kills)
  Sigmund (D:2)
  An ogre (D:4)
  An orc priest (D:2)
  An orc wizard (D:2)
  Jessica (D:2)
  Terence (D:2)
  Natasha (twice) (D:2)
  An adder (D:2)
  A shadow imp (D:3)
  A worm (D:2)
  3 orcs (D:2)
  A giant cockroach (D:4)
  A hobgoblin (D:2)
  A rat (D:2)
17 creatures vanquished.

Grand Total: 122 creatures vanquished

Notes
Turn   | Place    | Note
-------+----------+-------------------------------------------
     0 | D:1      | DorianNounverber the Deep Elf Wizard began the quest for
                  | the Orb.
     0 | D:1      | Reached XP level 1. HP: 10/10 MP: 7/7
   343 | D:1      | Reached XP level 2. HP: 15/15 MP: 4/9
   386 | D:1      | Learned a level 2 spell: Blink
   389 | D:1      | Learned a level 2 spell: Call Imp
   437 | D:1      | Reached skill level 5 in Spellcasting
   903 | D:1      | Reached XP level 3. HP: 19/19 MP: 9/11
  1244 | D:2      | Noticed Sigmund
  1291 | D:2      | Killed Sigmund
  1291 | D:2      | Reached skill level 6 in Spellcasting
  1291 | D:2      | Reached XP level 4. HP: 2/24 MP: 0/14
  1867 | D:2      | Noticed Terence
  1874 | D:2      | Learned a level 3 spell: Conjure Flame
  1878 | D:2      | Learned a level 3 spell: Mephitic Cloud
  1897 | D:2      | Killed Terence
  1897 | D:2      | Reached XP level 5. HP: 26/28 MP: 1/16
  2022 | D:2      | Noticed Natasha
  2037 | D:2      | Killed Natasha
  2042 | D:2      | Noticed Natasha
  2050 | D:2      | Killed Natasha
  2050 | D:2      | Reached skill level 7 in Spellcasting
  2148 | D:2      | Noticed Natasha
  2158 | D:2      | Killed Natasha
  2307 | D:2      | Found an ornate altar of the Wu Jian Council.
  2407 | D:2      | Noticed Jessica
  2420 | D:2      | Killed Jessica
  3254 | D:2      | Reached XP level 6. HP: 32/32 MP: 16/18
  3334 | D:2      | Reached skill level 8 in Spellcasting
  3912 | D:3      | Found a transporter.
  3931 | D:3      | Found a transporter.
  4889 | D:3      | Found an iron altar of Okawaru.
  5707 | D:4      | Reached XP level 7. HP: 29/37 MP: 6/21
  5971 | D:4      | Reached skill level 9 in Spellcasting
  6346 | D:4      | Reached skill level 1 in Fighting
  6479 | D:4      | Found Berch's Book Emporium.
  7030 | D:4      | Found a staircase to the Ecumenical Temple.
  7049 | Temple   | Entered the Ecumenical Temple
  7083 | Temple   | Became a worshipper of Sif Muna the Loreminder
  7446 | D:4      | Bought a book of Cantrips for 200 gold pieces
  7460 | D:5      | Entered Level 5 of the Dungeon
  7685 | D:5      | Slain by a centaur

Skill      XL: |  1  2  3  4  5  6  7 |
---------------+----------------------+-----
Spellcasting   | 5 6 7 8 9 |  9.8
Dodging        | 3 4 |  4.4
Conjurations   | 2 |  2.9
Stealth        | 3 |  3.9
Summonings     | 2 3 |  3.0
Fighting       | 1 |  1.4
Translocations | |  1.9
Fire Magic     | |  0.1

Action                   |  1- 3 |  4- 6 |  7- 9 || total
-------------------------+-------+-------+-------++-------
Melee: Unarmed           |     5 |       |       ||     5
       Flail             |       |    15 |       ||    15
 Cast: Magic Dart        |    66 |   143 |   113 ||   322
       Call Imp          |     6 |    39 |     6 ||    51
       Blink             |       |     8 |     1 ||     9
       Conjure Flame     |       |     7 |     8 ||    15
       Mephitic Cloud    |       |     1 |       ||     1
  Use: Scroll            |       |     1 |       ||     1
 Stab: Sleeping          |       |     1 |       ||     1
  Eat: Chunk             |     1 |     2 |     5 ||     8
       Ration            |       |     3 |     1 ||     4
Armor: Robe              |     1 |     4 |     1 ||     6
Dodge: Dodged            |     7 |    23 |    15 ||    45
